 Dungeon Crawl Stone Soup version 0.31.0-32-g396128a36d (webtiles) character file.

Game seed: 1601625213881488383

2855 harryby the Conjurer (level 9, -5/74 HPs)
             Began as a Red Draconian Conjurer on Apr 12, 2024.
             Was a Follower of Vehumet.
             Slain by an orc warrior
             ... wielding a +0 long sword
              (10 damage)
             ... on level 7 of the Dungeon.
             The game lasted 00:43:26 (5057 turns).

harryby the Conjurer (Red Draconian Conjurer)       Turns: 5057, Time: 00:43:26

Health: -5/74      AC:  8    Str:  9    XL:     9   Next: 46%
Magic:  13/16      EV: 13    Int: 28    God:    Vehumet [*.....]
Gold:   376        SH:  0    Dex: 11    Spells: 11/18 levels left

rFire   + . .        M - staff of conjuration
rCold   . . .        (no shield)
rNeg    + . .        (body armour unavailable)
rPois   .            (helmet restricted)
rElec   .            (no cloak)
rCorr   .            (no gloves)
SInv    .            L - +0 pair of boots
Will    .....        A - amulet of regeneration
Stlth   ++           J - ring of positive energy
HPRegen 1.12/turn    n - +6 ring of intelligence
MPRegen 0.15/turn

%: no passive effects
@: no status effects
A: breathe fire, AC +7, unfitting armour, fire resistance 1, cold-blooded
a: Breathe Fire, Renounce Religion


You were on level 7 of the Dungeon.
You worshipped Vehumet.
Vehumet was aware of your devotion.
You visited 1 branch of the dungeon, and saw 7 of its levels.
You also visited: Sewer.

You collected 376 gold pieces.

Inventory:

Hand Weapons
 f - a +0 whip
 g - a +2 heavy mace
 y - a +3 flail of protection
 B - the +5 woodcutter's axe
   (You found it on level 3 of the Dungeon)
Missiles
 e - 3 javelins
 u - 12 poisoned darts
 x - 2 throwing nets
Armour
 L - a +0 pair of boots (worn)
Magical Staves
 M - a staff of conjuration (weapon)
Jewellery
 b - a ring of see invisible
 n - a +6 ring of intelligence (right hand)
 o - a ring of protection from fire
 z - a ring of resist corrosion
 A - an amulet of regeneration (around neck)
 J - a ring of positive energy (left hand)
 K - a ring of fire
Wands
 v - a wand of charming (13)
 Q - a wand of flame (5)
Scrolls
 d - a scroll of enchant weapon
 m - 2 scrolls of teleportation
 p - a scroll of vulnerability {unknown}
 q - a scroll of torment {unknown}
 s - 2 scrolls of butterflies
 t - 2 scrolls of noise {unknown}
 w - 3 scrolls of identify
 C - a scroll of immolation {unknown}
 F - 4 scrolls of enchant armour
 G - 2 scrolls of blinking {unknown}
 I - a scroll of fog {unknown}
 N - a scroll of revelation {unknown}
 P - a scroll of brand weapon {unknown}
 R - 2 scrolls of amnesia {unknown}
Potions
 a - a potion of magic
 c - a potion of haste
 h - a potion of might
 i - a potion of brilliance
 j - 3 potions of curing
 k - 2 potions of heal wounds {unknown}
 l - 2 potions of resistance {unknown}
 r - a potion of enlightenment {unknown}
 D - a potion of cancellation {unknown}
 E - 3 potions of mutation {unknown}
 H - a potion of invisibility {unknown}
 O - a potion of lignification {unknown}


   Skills:
 + Level 5.1 Fighting
 - Level 3.8(4.7) Maces & Flails
 + Level 4.1(4.9) Staves
 + Level 5.6 Dodging
 + Level 3.0 Stealth
 * Level 5.1 Spellcasting
 * Level 6.6 Conjurations
 * Level 3.7 Evocations


You had 11 spell levels left.
You knew the following spells:

 Your Spells              Type           Power      Damage    Failure   Level
a - Magic Dart            Conj           100%       1d8       1%          1
b - Searing Ray           Conj           100%       2d8       1%          2
c - Fulminant Prism       Conj/Alch      19%        3d10      17%         4

Your spell library contained the following spells:

 Spells                   Type           Power      Damage    Failure   Level
 Shock                    Conj/Air       100%       1d9       1%          1
 Momentum Strike          Conj/Tloc      76%        3d10      2%          2
 Stone Arrow              Conj/Erth      76%        3d11      4%          3
 Sandblast                Erth           14%        2d6       7%          1
 Blink                    Tloc           14%        N/A       10%         2
 Lesser Beckoning         Tloc           14%        N/A       10%         2
 Brom's Barrelling Bould  Conj/Erth      38%        2d6       17%         4
 Iskenderun's Mystic Bla  Conj/Tloc      38%        2d9       17%         4
 Gell's Gravitas          Tloc           7%         N/A       21%         3
 Passwall                 Erth           7%         N/A       21%         3
 Teleport Other           Tloc           7%         N/A       21%         3
 Ignite Poison            Fire/Alch      7%         N/A       54%         4
 Sticky Flame             Fire/Alch      7%         2d4       54%         4
 Ignition                 Fire           3%         3d4       100%        8


Dungeon Overview and Level Annotations

Branches:
Dungeon (7/15)             Temple (0/1) D:4           Sewer (visited)

Altars:
Ashenzari
Elyvilon
Hepliaklqana
Kikubaaqudgha
Vehumet
The Shining One

Shops:
D:3 ?   D:5 (


Innate Abilities, Weirdness & Mutations

You can breathe blasts of fire.
Your fiery red scales are hard. (AC +7)
You cannot fit into any form of body armour.
Your flesh is heat resistant. (rF+)
You are cold-blooded and may be slowed by cold attacks.


Message History

* * * LOW HITPOINT WARNING * * *
The orc shouts!
The orc priest begins to cast a cantrip, but forgets the words!
The orc warrior attacks as it pursues you!
The orc warrior hits you with a +0 long sword.
* * * LOW HITPOINT WARNING * * *
You feel better.
The black bear bites you but does no damage.
The black bear misses you. The black bear closely misses you.
The orc warrior hits you with a +0 long sword!
* * * LOW HITPOINT WARNING * * *
Aiming: Searing Ray (safe; 1% risk of failure)
Press: ? - help, Q - select action, (/) - cycle Shift-Dir - straight line, f - orc priest
Aim: an orc priest, wielding a +0 whip and wearing a +0 ring mail (85% to hit)
You feel a surge of power!
The searing ray hits the orc warrior.
The orc warrior is lightly wounded.
The searing ray hits the orc priest!
You kill the orc priest!
Vehumet accepts your kill.
The searing ray hits the orc priest.
The orc priest is heavily wounded. (Press . to maintain the ray.)
The black bear bites you but does no damage.
The black bear barely misses you.
The black bear claws you but does no damage.
The orc priest hits you from afar with a +0 trident.
* * * LOW HITPOINT WARNING * * *
The orc warrior hits you with a +0 long sword!
* * * LOW HITPOINT WARNING * * *
The searing ray hits the orc warrior!
The orc warrior is heavily wounded.
The searing ray hits the sleepcap.
The sleepcap is lightly damaged.
The searing ray hits the orc priest.
The orc priest is severely wounded.
The black bear bites you but does no damage.
The black bear claws you but does no damage. x2
The orc priest looks satisfied for a moment.
The orc warrior hits you with a +0 long sword!
You die...

....... ......#
......# ......#
......# ..
###o.....# ...
#@ofo....# ....
##ho.....#
....####o.......
.....#..Y...#...
......oo##.## ..
##....Y.# ...
.#.....o##....
.......l.##..>..
.......⌠..##....


You could see an orc warrior, a black bear, an ice beast, a sleepcap, 2 orc
priests and 2 orcs.

Vanquished Creatures
  The ghost of newgorp the Magician, a novice HuHW of Sif Muna (D:5)
  The ghost of gamers12 the Chopper, an amateur HOFi of Beogh (D:5)
  The ghost of panicmichael the Apothecary, a novice SpAl (D:5)
  A steam dragon (D:6)
  A black bear (D:6)
  3 ice beasts
  A kobold brigand (D:6)
  2 brain worms (Sewer)
  3 bullfrogs
  3 wights (D:6)
  4 bombardier beetles (D:5)
  4 orc priests
  3 jellies
  A gnoll bouda (D:6)
  A hound (D:5)
  Jessica (D:3)
  An iguana (D:6)
  2 orc wizards (D:5)
  12 adders
  23 gnolls
  A river rat (Sewer)
  2 shadow imps
  A white imp (D:6)
  2 ufetubi (D:6)
  3 dart slugs
  2 ribbon worms
  6 orcs
  6 endoplasms
  4 giant cockroaches
  9 goblins
  12 hobgoblins
  7 jackals
  12 kobolds
  5 quokkas
  3 training dummies (D:5)
  10 ball pythons
  5 bats
  6 frilled lizards
  11 rats
176 creatures vanquished.

Vanquished Creatures (collateral kills)
  An ogre (D:6)
  A gnoll sergeant (D:3)
2 creatures vanquished.

Vanquished Creatures (others)
  A hound (D:6)
1 creature vanquished.

Grand Total: 179 creatures vanquished

Notes
Turn   | Place    | Note
-------+----------+-------------------------------------------
     0 | D:1      | harryby the Draconian Conjurer began the quest for the Orb.
     0 | D:1      | Reached XP level 1. HP: 14/14 MP: 3/3
   235 | D:1      | Reached XP level 2. HP: 14/20 MP: 5/5
   239 | D:1      | Learned a level 2 spell: Searing Ray
   390 | D:1      | Reached XP level 3. HP: 27/27 MP: 4/6
  1049 | D:2      | Reached skill level 1 in Fighting
  1190 | D:2      | Reached skill level 1 in Maces & Flails
  1190 | D:2      | Reached XP level 4. HP: 35/35 MP: 3/7
  1375 | D:2      | Found a glowing golden altar of the Shining One.
  1389 | D:2      | Became a worshipper of the Shining One
  1596 | D:3      | Noticed Jessica
  1603 | D:3      | Noticed a bullfrog
  1605 | D:3      | Killed Jessica
  1609 | D:3      | Killed a bullfrog
  1610 | D:3      | Reached XP level 5. HP: 20/40 MP: 2/8
  1690 | D:3      | Found Tako's Magic Scroll Emporium.
  1765 | D:3      | Found an ancient bone altar of Kikubaaqudgha.
  2099 | D:3      | Reached skill level 5 in Conjurations
  2099 | D:3      | Reached XP level 6. HP: 42/48 MP: 0/10
  2119 | D:3      | Found the +5 woodcutter's axe
  2380 | D:4      | Found a glowing drain.
  2385 | Sewer    | Entered a sewer
  2597 | Sewer    | Your scales start taking on a fiery red colour.
  2597 | Sewer    | Reached XP level 7. HP: 46/56 MP: 9/12
  2597 | Sewer    | Gained mutation: Your flesh is heat resistant. (rF+) [Red
                  | Draconian growth]
  2605 | Sewer    | Reached * piety under the Shining One
  2659 | D:4      | Found a staircase to the Ecumenical Temple.
  2946 | D:4      | Found a broken altar of Ashenzari.
  3177 | D:5      | Entered Level 5 of the Dungeon
  3270 | D:5      | Reached skill level 1 in Staves
  3384 | D:5      | Found a runed translucent gate.
  3384 | D:5      | Found a runed translucent gate.
  3384 | D:5      | Found a runed translucent gate.
  3387 | D:5      | Noticed panicmichael's ghost (novice SpAl)
  3387 | D:5      | Noticed gamers12's ghost (amateur HOFi)
  3387 | D:5      | Noticed newgorp's ghost (novice HuHW)
  3542 | D:5      | Killed panicmichael's ghost
  3543 | D:5      | Reached skill level 1 in Evocations
  3543 | D:5      | Reached XP level 8. HP: 27/64 MP: 7/14
  3543 | D:5      | Killed newgorp's ghost
  3551 | D:5      | Killed gamers12's ghost
  3552 | D:5      | Reached skill level 6 in Conjurations
  3667 | D:5      | Found Cudim's Firing Range.
  3987 | D:5      | Found a radiant altar of Vehumet.
  3987 | D:5      | Found a white marble altar of Elyvilon.
  3995 | D:5      | Fell from the grace of the Shining One
  3995 | D:5      | Became a worshipper of Vehumet
  4194 | D:5      | Learned a level 4 spell: Fulminant Prism
  4433 | D:5      | Found a hazy altar of Hepliaklqana.
  4498 | D:6      | Reached XP level 9. HP: 61/71 MP: 6/16
  4507 | D:6      | Reached skill level 5 in Dodging
  4521 | D:6      | Reached skill level 5 in Spellcasting
  4645 | D:6      | Reached skill level 5 in Fighting
  4774 | D:6      | Reached * piety under Vehumet
  4774 | D:6      | Offered knowledge of Shock by Vehumet.
  5057 | D:7      | Slain by an orc warrior

Illustrated notes

Levels and vault maps discovered:
D:1:      dpeg_arrival_tiny_k, layout_loops_cross
D:2:      layout_basic, basic_altar
D:3:      layout_rooms, mainiacjoe_overflow_catwalk, serial_shops,
          nicolae_shop_rolling_square, pf_guarded_unrand_woodcutter,
          uniq_jessica
D:4:      layout_cave_pools, ashenzari_conservatory_becter,
          minmay_temple_entry_junction_2, serial_glass, glass_columns_a,
          glass_columns_a, glass_columns_b, glass_columns_b, glass_columns_a,
          glass_columns_c, glass_columns_a, glass_columns_a,
          minmay_strange_pillars, item_on_display_a, feat_on_display,
          gup_sewer_entry_bowl, bh_walls_and_bars
D:5:      layout_loops_corners, nzn_hepliaklqana_mist_gate,
          gammafunk_temple_overflow_elements, gammafunk_ghost_cemetery,
          nicolae_shop_firing_range
D:6:      layout_rooms
D:7:      kennysheep_seaside_town, layout_cave_pools,
          gammafunk_temple_overflow_arena, serial_shops,
          nicolae_shop_tiny_waterfront, enter_bailey_2,
          chequers_serial_rivers_room_a, grunt_ministairs_9

Skill      XL: |  1  2  3  4  5  6  7  8  9 |
---------------+----------------------------+-----
Dodging        | 2 3 4 5 |  5.6
Stealth        | 2 3 |  3.0
Fighting       | 1 2 3 4 5 |  5.1
Maces & Flails | 1 2 3 |  3.8
Conjurations   | 5 6 |  6.6
Spellcasting   | 3 4 5 |  5.1
Staves         | 1 3 4 |  4.1
Evocations     | 1 3 |  3.7

Action                     |  1- 3 |  4- 6 |  7- 9 || total
---------------------------+-------+-------+-------++-------
  Melee: Unarmed           |    34 |       |       ||    34
         Whip              |    26 |       |       ||    26
         Tailslap          |     7 |     9 |    30 ||    46
         Mace              |    39 |    35 |       ||    74
         Punch             |     2 |     2 |     1 ||     5
         Flail             |       |    38 |    32 ||    70
         Staff             |       |       |   141 ||   141
   Cast: Magic Dart        |    38 |    55 |    46 ||   139
         Searing Ray       |     2 |     6 |    18 ||    26
Ability: Breathe Fire      |       |       |     2 ||     2
  Evoke: Wand              |       |     1 |     2 ||     3
    Use: Potion            |       |       |     5 ||     5
         Scroll            |       |       |     4 ||     4
 Armour: Skin              |    68 |   107 |   195 ||   370
  Dodge: Dodged            |    79 |    91 |   158 ||   328
